AoeStats
← Alexspiration

Lombardia

509158733Analyzed
4v4 RM · 8d ago on Sep 25, 2026· 76m 46s· 8 players
Game mode
Random Map
Map size
Large (8 player)
Population
200
Speed
Normal
Resources
Standard
Victory
Conquest
Starting age
Dark Age
Ending age
Imperial Age
RankedLock teamsTeams togetherTeam positionsShared explorationLock speedFull tech treeHidden civsTurbo modeCheats
Victory
Defeat
🇮🇪 Persians · Ireland
1496
+16
🇲🇽 Mongols · Mexico
1492
+16
🇩🇪 Danes · Germany
1491
+16
🇩🇪 Saracens · Germany
1479
+17
🇳🇱 Vietnamese · Netherlands
1557
-18
🇭🇰 Saxons · Hong Kong SAR China
1540
-18
🇭🇰 Danes · Hong Kong SAR China
1458
-15
🇳🇱 Spanish · Netherlands
1441
-14
RKs Raggz
8:18 Loom
10:04 Feudal Age
14:22 Castle Age
14:30 Forging
18:38 Scale Barding Armor
21:43 Town Watch
25:21 Wheelbarrow
26:34 Double-Bit Axe
27:13 Fletching
27:49 Husbandry
28:41 Bodkin Arrow
29:24 Padded Archer Armor
29:43 Bloodlines
30:56 Leather Archer Armor
31:45 Hand Cart
31:51 Bow Saw
33:10 Gold Mining
33:44 Ballistics
33:17 Stone Mining
35:10 Gold Shaft Mining
35:19 Thumb Ring
36:15 Stone Shaft Mining
39:47 Imperial Age
40:08 Chain Barding Armor
39:46 Horse Collar
39:56 Elite Mangudai
40:38 Bracer
41:16 Parthian Tactics
43:53 Caravan
47:32 Chemistry
51:00 Chain Barding Armor
51:16 Iron Casting
53:45 Light Cavalry
56:07 Blast Furnace
54:31 Hussar
60:08 Heavy Plow
60:58 Conscription
64:27 Capped Ram
65:44 Drill
65:35 Siege Ram
68:43 Heavy Camel Rider
Wololoagain1
5:47 Loom
8:41 Feudal Age
9:15 Double-Bit Axe
9:12 Horse Collar
14:44 Wheelbarrow
15:05 Scale Barding Armor
16:33 Forging
17:22 Bloodlines
21:50 Castle Age
22:57 Heavy Plow
28:09 Bow Saw
28:59 Hand Cart
34:28 Imperial Age
31:45 Town Watch
33:54 Gold Mining
33:56 Stone Mining
34:58 Chain Barding Armor
35:12 Conscription
38:08 Plate Barding Armor
38:07 Caravan
38:24 Husbandry
40:11 Two-Man Saw
40:03 Crop Rotation
39:46 Elite War Elephant
40:47 Fletching
43:24 Iron Casting
47:44 Light Cavalry
56:33 Cavalier
56:51 Hussar
57:36 Savar
63:36 Masonry
63:48 Ballistics
64:30 Blast Furnace
64:57 Citadels
64:48 Bodkin Arrow
67:31 Chemistry
68:57 Coinage
73:12 Banking
73:30 Architecture
75:11 Hoardings
75:54 Hoardings
Alexspiration
7:29 Loom
9:43 Feudal Age
10:11 Double-Bit Axe
18:43 Castle Age
17:15 Horse Collar
17:28 Gold Mining
29:55 Wheelbarrow
33:17 Imperial Age
30:34 Town Watch
32:03 Forging
34:05 Bow Saw
33:29 Elite Mameluke
34:36 Stone Mining
35:11 Conscription
34:55 Husbandry
35:06 Bloodlines
35:33 Iron Casting
35:05 Scale Barding Armor
35:14 Heavy Plow
36:04 Caravan
37:28 Blast Furnace
37:36 Chain Barding Armor
39:50 Hoardings
39:28 Masonry
39:23 Siege Engineers
39:40 Ballistics
40:20 Chemistry
40:12 Fletching
40:07 Crossbowman
40:53 Thumb Ring
41:32 Hand Cart
40:44 Arbalester
41:20 Bodkin Arrow
41:26 Padded Archer Armor
42:04 Bracer
46:11 Leather Archer Armor
47:31 Ring Archer Armor
47:09 Murder Holes
47:24 Fortified Wall
50:38 Elite Skirmisher
57:41 Light Cavalry
58:56 Hussar
59:44 Scale Mail Armor
60:24 Plate Barding Armor
61:44 Two-Man Saw
67:21 Counterweights
68:58 Coinage
74:29 Banking
Osayi.
9:07 Loom
11:13 Feudal Age
16:39 Castle Age
15:31 Double-Bit Axe
29:04 Horse Collar
29:54 Sanctity
29:45 Fervor
31:19 Wheelbarrow
30:30 Town Watch
36:43 Imperial Age
34:28 Scale Mail Armor
35:35 Chain Mail Armor
35:46 Forging
35:47 Arson
36:03 Squires
37:20 Hand Cart
37:13 Elite Jomsviking
39:53 Onager
41:21 Plate Mail Armor
41:26 Iron Casting
42:46 Redemption
42:59 Siege Onager
44:03 Devotion
44:23 Block Printing
44:34 Illumination
45:56 Northmen's Fury
47:24 Bow Saw
48:59 Caravan
49:46 Conscription
50:02 Hoardings
49:46 Gold Mining
49:47 Stone Mining
50:09 Siege Engineers
52:26 Chemistry
54:46 Masonry
54:10 Heavy Scorpion
56:41 Blast Furnace
56:39 Fletching
59:21 Theocracy
59:44 Ballistics
60:46 Gold Shaft Mining
60:46 Stone Shaft Mining
60:55 Stone Shaft Mining
60:25 Heavy Plow
62:05 Bodkin Arrow
63:39 Gambesons
64:43 Elite Varangian Guard
70:28 Pikeman
74:17 Halberdier
AttachedPoet380
7:16 Loom
9:50 Feudal Age
10:23 Double-Bit Axe
10:19 Horse Collar
19:57 Castle Age
18:25 Gold Mining
19:03 Bloodlines
19:11 Fletching
20:15 Padded Archer Armor
20:36 Bodkin Arrow
20:54 Husbandry
21:33 Bow Saw
21:59 Wheelbarrow
22:19 Town Watch
23:47 Ballistics
24:32 Heavy Plow
27:12 Thumb Ring
28:39 Stone Mining
30:54 Leather Archer Armor
30:59 Hand Cart
35:01 Imperial Age
35:49 Bracer
35:20 Heavy Cavalry Archer
37:21 Chemistry
37:45 Ring Archer Armor
39:11 Paper Money
39:10 Elite Battle Elephant
39:57 Scale Barding Armor
40:02 Forging
41:01 Chain Barding Armor
41:26 Chatras
42:26 Iron Casting
43:52 Plate Barding Armor
52:28 Caravan
52:08 Light Cavalry
56:04 Masonry
61:49 Devotion
67:17 Siege Engineers
70:48 Guilds
71:52 Elite Rattan Archer
VesperalCamp546
8:23 Loom
10:37 Feudal Age
14:50 Castle Age
13:56 Double-Bit Axe
14:14 Horse Collar
15:53 Bow Saw
27:43 Padded Archer Armor
29:06 Wheelbarrow
33:21 Imperial Age
33:26 Hand Cart
34:02 Elite Conquistador
35:34 Leather Archer Armor
35:23 Light Cavalry
36:15 Bloodlines
36:06 Husbandry
38:24 Chemistry
38:04 Ring Archer Armor
37:47 Hussar
42:38 Ballistics
43:49 Scale Barding Armor
49:19 Scale Mail Armor
49:29 Forging
49:40 Chain Barding Armor
50:28 Caravan
51:08 Pikeman
51:51 Squires
52:14 Halberdier
56:32 Two-Man Saw
56:08 Chain Mail Armor
56:28 Iron Casting
56:30 Plate Barding Armor
55:22 Elite Skirmisher
57:59 Plate Mail Armor
60:04 Blast Furnace
60:05 Fletching
60:44 Thumb Ring
63:53 Bodkin Arrow
phlui1122
4:23 Loom
11:20 Feudal Age
15:56 Castle Age
14:46 Double-Bit Axe
14:54 Horse Collar
17:36 Bow Saw
22:43 Stone Mining
23:03 Heavy Plow
27:10 Wheelbarrow
28:17 Caravan
32:10 Imperial Age
29:34 Town Watch
30:26 Scale Mail Armor
30:37 Forging
31:03 Hand Cart
32:13 Chain Mail Armor
32:34 Iron Casting
32:46 Squires
32:32 Gambesons
32:32 Arson
33:38 Conscription
33:55 Plate Mail Armor
33:43 Elite Jomsviking
35:05 Hoardings
34:38 Hamask
36:28 Pikeman
36:39 Onager
38:30 Halberdier
40:57 Blast Furnace
40:00 Siege Onager
41:45 Chemistry
42:26 Siege Engineers
45:40 Elite Varangian Guard
47:39 Northmen's Fury
50:19 Capped Ram
51:07 Arrowslits
53:55 Siege Ram
happy伯
6:24 Loom
8:56 Feudal Age
9:29 Double-Bit Axe
10:44 Town Watch
11:39 Horse Collar
16:04 Wheelbarrow
20:24 Castle Age
20:47 Bloodlines
20:48 Pikeman
22:22 Bow Saw
22:47 Heavy Plow
26:08 Hand Cart
28:59 Gold Mining
29:08 Stone Mining
30:36 Scale Barding Armor
33:32 Imperial Age
31:32 Fortified Wall
31:05 Treadmill Crane
31:37 Husbandry
32:20 Chain Barding Armor
33:57 Masonry
34:01 Forging
33:40 Cavalier
34:23 Shield Wall
35:24 Conscription
35:20 Scale Mail Armor
35:58 Iron Casting
36:39 Two-Man Saw
37:17 Fletching
37:34 Caravan
38:09 Light Cavalry
39:07 Squires
38:33 Halberdier
39:16 Elite Skirmisher
40:28 Scale Mail Armor
41:40 Chain Mail Armor
41:22 Bodkin Arrow
42:09 Padded Archer Armor
42:42 Architecture
43:13 Chemistry
42:47 Heavy Mounted Crossbowman
42:47 Cranequins
43:38 Bracer
45:12 Plate Mail Armor
45:34 Ballistics
46:00 Thumb Ring
51:29 Hussar
54:16 Imperial Skirmisher
55:27 Leather Archer Armor
57:15 Crop Rotation
57:21 Gold Shaft Mining
66:37 Elite Varangian Guard
67:02 Arson
67:04 Gambesons
67:35 Elite Varangian Guard
70:35 Hoardings
72:25 Siege Engineers
72:33 Murder Holes
Connection lost

Rejoining the realm…

Still unreachable

The connection could not be restored.

Session expired

The server has moved on; the page needs a fresh start.